 Dungeon Crawl Stone Soup version 0.26.1-2-gb8aa6d0 (webtiles) character file.

Game seed: 2218353777641490791

2 Geeful the Digger (level 1, 0/10 HPs)
             Began as a Gargoyle Earth Elementalist on May 22, 2021.
             Slain by an adder (3 damage)
             ... on level 2 of the Dungeon.
             The game lasted 00:01:36 (151 turns).

Geeful the Digger (Gargoyle Earth Elementalist)      Turns: 151, Time: 00:01:36

Health: 0/10       AC:  4    Str: 11    XL:     1   Next: 30%
Magic:  1/3        EV: 12    Int: 15    God:
Gold:   20         SH:  0    Dex: 10    Spells: 3/4 levels left

rFire    . . .     SeeInvis .   (no weapon)
rCold    . . .     Faith    .   (no shield)
rNeg     + . .     Spirit   .   c - +0 robe
rPois    ∞         Reflect  .   (no helmet)
rElec    +         Harm     .   (no cloak)
rCorr    .         Rampage  .   (no gloves)
Will     .....                  (no boots)
Stlth    ++........             (no amulet)
HPRegen  0.03/turn              (no ring)
MPRegen  0.08/turn              (no ring)

@: no status effects
A: negative energy resistance 1, electricity resistance, unbreathing,
petrification resistance, miasma immunity, AC +2
a: no special abilities


You were on level 2 of the Dungeon.
You visited 1 branch of the dungeon, and saw 2 of its levels.

You collected 20 gold pieces.

Inventory:

Missiles
 b - 27 stones
Armour
 c - a +0 robe (worn)


   Skills:
 + Level 0.1 Fighting
 + Level 1.6 Dodging
 + Level 2.2 Stealth
 + Level 2.0 Spellcasting
 - Level 0.7 Transmutations
 + Level 3.6 Earth Magic


You had 3 spell levels left.
You knew the following spells:

 Your Spells              Type           Power        Failure   Level
a - Sandblast             Erth           24%          4%          1

Your spell library contained the following spells:

 Spells                   Type           Power        Failure   Level
 Passwall                 Tmut/Erth      6%           14%         2
 Stone Arrow              Conj/Erth      14%          30%         3
 Petrify                  Tmut/Erth      8%           65%         4
 Lee's Rapid Deconstruct  Erth           6%           80%         5


Dungeon Overview and Level Annotations

Branches:
Dungeon (2/15)

Altars:


Innate Abilities, Weirdness & Mutations

You are resistant to torment.
Your stone body is resilient. (AC +2)
You are immune to poison.
You resist negative energy. (rN+)
You are resistant to electric shocks. (rElec)
You can survive without breathing.
You are immune to petrification.
You are immune to miasma.


Message History

The jackal closely misses you.
You aren't carrying any potions.
Blink to where?
Press: ? - help, Dir - move target
As you read the scroll labelled WOAKIS CARIH, it crumbles to dust.
It was a scroll of blinking.
A kobold comes into view. It is wielding a +0 whip.
Found a scroll labelled DYRO YMAETTORYGA.
A dart slug comes into view.
Found 23 stones.
Found 23 arrows.
There is a stone staircase leading down here.
The bat hits you but does no damage.
You climb downwards.
A frilled lizard, an adder, a rat and a hobgoblin come into view.
The adder hisses angrily.
Found four items.
There is a stone staircase leading up here.
The adder bites you.
You die...

....... #.....
#....#
###....####
#.........#
#.....<..[###
#.............
####.............
......S@.........
..##....l........
#..(..........
#.............
#...?....r....
#............
########.... ....


You could see an adder, a frilled lizard and a rat (asleep).

Vanquished Creatures
  A jackal (D:1)
  A kobold (D:1)
2 creatures vanquished.

Notes
Turn   | Place    | Note
-------+----------+-------------------------------------------
     0 | D:1      | Geeful the Gargoyle Earth Elementalist began the quest for
                  | the Orb.
     0 | D:1      | Reached XP level 1. HP: 10/10 MP: 3/3
     4 | D:1      | Noticed a centaur
     4 | D:1      | Noticed a troll
     6 | D:1      | Noticed a draconian
     6 | D:1      | Noticed a demigod
     8 | D:1      | Noticed an octopode
    10 | D:1      | Noticed an ogre
    10 | D:1      | Noticed a ghoul
    12 | D:1      | Noticed a naga
    12 | D:1      | Noticed a halfling
    14 | D:1      | Noticed an elf
    16 | D:1      | Noticed a vampire
    18 | D:1      | Noticed a tengu
    18 | D:1      | Noticed a spriggan
    20 | D:1      | Noticed a felid
    20 | D:1      | Noticed a formicid
    22 | D:1      | Noticed a gargoyle
    22 | D:1      | Noticed a minotaur
    24 | D:1      | Noticed a vine stalker
    24 | D:1      | Noticed a dwarf
    27 | D:1      | Noticed a merfolk
    27 | D:1      | Noticed a human
    29 | D:1      | Noticed a demonspawn
   151 | D:2      | Slain by an adder

Illustrated notes

Levels and vault maps discovered:
D:1:      kb_arrival_jail, layout_loops_cross
D:2:      layout_rooms

Action                   || total
-------------------------++-------
Melee: Unarmed           ||     7
 Cast: Sandblast         ||     3
  Use: Scroll            ||     1
Armor: Robe              ||     1
Dodge: Dodged            ||     6
